 Dungeon Crawl Stone Soup version 0.29-a0-838-g385bb11a5b (webtiles) character file.

Game seed: 814961086014639552

10220 ytrimaz the Severer (level 11, -4/75 HPs)
             Began as a Demonspawn Berserker on July 14, 2022.
             Was an Elder of Trog.
             Slain by a death yak (8 damage)
             ... on level 10 of the Dungeon.
             The game lasted 00:15:34 (8246 turns).

ytrimaz the Severer (Demonspawn Berserker)          Turns: 8246, Time: 00:15:34

Health: -4/75      AC: 15    Str: 28    XL:     11   Next: 33%
Magic:  11/11      EV: 11    Int: 10    God:    Trog [****..]
Gold:   368        SH:  0    Dex:  8    Spells: 10/10 levels left

rFire   . . .      SeeInvis .   o - +1 hand axe of Youthful Indiscretion {flame, Str+6}
rCold   . . .      Faith    .   (no shield)
rNeg    . . .      Spirit   .   A - +0 plate armour
rPois   .          Reflect  .   (helmet restricted)
rElec   .          Harm     .   (no cloak)
rCorr   +          Rampage  .   (no gloves)
Will    ++...                   j - +2 pair of boots of Vanity {Fly Regen+ Int+2 Dex-5}
Stlth   ..........              c - amulet of the acrobat
HPRegen 2.02/turn               k - ring of resist corrosion
MPRegen 0.12/turn               u - +4 ring of evasion

@: strong-willed, on berserk cooldown, flying, regenerating, slowed, very slow
A: antennae 1, foul stench 1, spiny 1, sharp scales 1
a: Renounce Religion, Berserk, Trog's Hand, Brothers in Arms


You were on level 10 of the Dungeon.
You worshipped Trog.
Trog was greatly pleased with you.
You visited 1 branch of the dungeon, and saw 11 of its levels.

You collected 569 gold pieces.
You spent 201 gold pieces at shops.

Inventory:

Hand Weapons
 m - a +1 battleaxe
 o - the +1 hand axe of Youthful Indiscretion (weapon) {flame, Str+6}
   (You bought it in a shop on level 2 of the Dungeon)

   It burns those it strikes, dealing additional fire damage.
   Big, fiery blades are also staple armaments of hydra-hunters.
   Str:       It affects your strength (+6).
 y - a +3 hand axe
Missiles
 l - 2 throwing nets (quivered)
Armour
 j - the +2 pair of boots of Vanity (worn) {Fly Regen+ Int+2 Dex-5}
   (You found it on level 3 of the Dungeon)

   Int:       It affects your intelligence (+2).
   Dex:       It affects your dexterity (-5).
   Fly:       It grants you flight.
   Regen:     It increases your rate of health regeneration.
 v - +0 steam dragon scales
 A - a +0 plate armour (worn)
Jewellery
 c - an amulet of the acrobat (around neck)
 k - a ring of resist corrosion (left hand)
 p - an amulet of guardian spirit
 u - a +4 ring of evasion (right hand)
 D - a ring of flight
Wands
 a - a wand of roots (4)
 b - a wand of light (5)
 t - a wand of flame (22)
 B - a wand of digging (1)
Scrolls
 e - 8 scrolls of teleportation
 g - 3 scrolls of blinking
 n - 3 scrolls of vulnerability
 q - 2 scrolls of enchant armour
 w - a scroll of magic mapping
Potions
 d - 2 potions of haste
 f - 4 potions of berserk rage
 h - a potion of ambrosia
 i - a potion of flight
 r - 3 potions of mutation
 s - 2 potions of lignification
 x - 2 potions of cancellation
 C - a potion of attraction


   Skills:
 - Level 3.0 Fighting
 - Level 16.0 Axes
 + Level 3.5 Armour
 - Level 1.7 Dodging


You had 10 spell levels left.
You didn't know any spells.
Your spell library was empty.

Dungeon Overview and Level Annotations

Branches:
Dungeon (11/15)            Temple (0/1) D:4             Orc (0/2) D:10
   Lair: D:8-11

Altars:
Ashenzari
Cheibriados
Dithmenos
Gozag
Hepliaklqana
Makhleb
Ru
Sif Muna
Uskayaw
Wu Jian
Yredelemnul

Shops:
D:1 [?*=   D:2 **((:   D:3 *   D:5 *   D:6 *

Annotations:
D:4 1 runed translucent door, hquester1's ghost, amateur TrBe


Innate Abilities, Weirdness & Mutations

You have a pair of small antennae on your head.
You may rarely emit foul miasma when damaged in melee.
You are partially covered in sharp spines.
You are partially covered in razor-sharp scales. (AC +1, Slay +1)


Message History

The death yak is heavily wounded.
The death yak gores you!
You hit the death yak but do no damage.
The death yak is heavily wounded.
The death yak gores you but does no damage.
You hit the death yak but do no damage.
The death yak is heavily wounded.
The death yak is struck by your spines. The death yak gores you!!
You barely miss the death yak.
The death yak is heavily wounded.
The death yak is struck by your spines. The death yak gores you!
You slash the death yak! You burn the death yak.
The death yak is severely wounded.
The death yak gores you but does no damage.
Unknown command.
You're still recovering from your berserk rage.
You hit the death yak but do no damage.
The death yak is severely wounded.
The death yak is struck by your spines. The death yak closely misses you.
You hit the death yak but do no damage.
The death yak is almost dead.
The death yak gores you.
You slash the death yak! You burn the death yak.
The death yak is almost dead.
The death yak gores you!
* * * LOW HITPOINT WARNING * * *
Unknown command.
You're still recovering from your berserk rage.
Your skin crawls.
You feel strong-willed. The death yak misses you.
Your ogre goes berserk!
The death yak gores you!
* * * LOW HITPOINT WARNING * * *
The death yak is struck by your spines. The death yak gores you.
* * * LOW HITPOINT WARNING * * *
Unknown command.
Unknown command.
The death yak attacks as you move away! The death yak gores you!
You die...

...).#.....#......############# #
....).........................# #
....)..............############
...................#
..................(############
..................>...........#
........)..........#.####...###
...............Y..##..#......#
.....#.(...#....@..##.#......#
####..#########O......#......#
##..# #####..............#
######.####..................# #
.............................## #
.......................###....###
.......................# #....##.
.....))................# #.#..##.
[............>.........# #...##..


You could see a death yak (ally target) and a friendly ogre (summoned, berserk).

Vanquished Creatures
  Harold (D:10)
  A two-headed ogre (D:8)
  Amaemon (D:11)
  Joseph (D:8)
  Maggie (D:8)
  An orange demon (D:11)
  A komodo dragon (D:10)
  A shadow (D:9)
  A wraith (D:10)
  A vampire (D:6)
  4 wyverns
  12 yaks
  A human (D:9)
  3 vampire mosquitoes (D:7)
  2 wargs
  A water moccasin (D:7)
  An ice beast (D:8)
  4 orc warriors
  A sky beast (D:8)
  2 ogres
  A black bear (D:6)
  2 centaurs
  A phantom (D:7)
  A kobold brigand (D:7)
  A bullfrog (D:8)
  A scorpion (D:6)
  12 wights
  4 killer bees (D:9)
  3 howler monkeys (D:9)
  4 hounds
  11 orc priests
  2 gnoll boudas
  4 iguanas
  11 orc wizards
  9 gnolls
  7 adders
  4 shadow imps
  3 white imps
  A dart slug (D:5)
  35 orcs
  7 ball pythons
  6 bats
  6 endoplasms
  10 goblins
  8 hobgoblins
  4 jackals (D:1)
  2 quokkas
  A frilled lizard (D:1)
  A goblin skeleton (D:9)
  A jackal zombie (D:9)
  12 kobolds
  4 rats (D:1)
220 creatures vanquished.

Vanquished Creatures (collateral kills)
  2 yaks (D:10)
  An orc warrior (D:10)
3 creatures vanquished.

Grand Total: 223 creatures vanquished

Notes
Turn   | Place    | Note
-------+----------+-------------------------------------------
     0 | D:1      | ytrimaz the Demonspawn Berserker began the quest for the
                  | Orb.
     0 | D:1      | Reached XP level 1. HP: 18/18 MP: 1/1
    12 | D:1      | Found Qilamen's Armour Shop.
    56 | D:1      | Reached skill level 3 in Axes
   305 | D:1      | Gained mutation: You are partially covered in sharp spines.
                  | [demonic ancestry]
   305 | D:1      | Reached XP level 2. HP: 20/24 MP: 2/2
   364 | D:1      | Found Uquydes's Magic Scroll Emporium.
   365 | D:1      | Found Feitov's Jewellery Emporium.
   583 | D:1      | Found Xeedgh's Assorted Antiques.
   738 | D:1      | Reached XP level 3. HP: 29/29 MP: 3/3
  1010 | D:2      | Found Puqev's Assorted Antiques.
  1073 | D:2      | Found Nonuufih's Antique Weapon Boutique.
  1108 | D:2      | Found Vocorism's Antique Weapon Emporium.
  1114 | D:2      | Reached ** piety under Trog
  1222 | D:2      | Reached skill level 4 in Axes
  1400 | D:2      | Found Itsikhom's General Store.
  1778 | D:2      | Found Xeschan's Book Shop.
  1781 | D:2      | Reached XP level 4. HP: 35/35 MP: 4/4
  1870 | D:2      | Reached skill level 5 in Axes
  1870 | D:2      | Reached XP level 5. HP: 8/41 MP: 5/5
  2251 | D:3      | Found Loliat's Assorted Antiques.
  2254 | D:3      | Identified the +2 pair of boots of Vanity {Fly Regen+ Int+2
                  | Dex-5}
  2859 | D:4      | Found a snail-covered altar of Cheibriados.
  2982 | D:4      | Found a staircase to the Ecumenical Temple.
  3111 | D:2      | Bought a warped hand axe for 176 gold pieces
  3111 | D:2      | Identified the +1 hand axe of Youthful Indiscretion {flame,
                  | Str+6} (You bought it in a shop on level 2 of the Dungeon)
  3349 | D:4      | Found a runed translucent door.
  3354 | D:4      | Noticed hquester1's ghost (amateur TrBe)
  3375 | D:4      | Found a hazy altar of Hepliaklqana.
  3490 | D:4      | Reached skill level 6 in Axes
  3735 | D:5      | Entered Level 5 of the Dungeon
  3747 | D:5      | Reached XP level 6. HP: 47/47 MP: 6/6
  3762 | D:5      | Reached *** piety under Trog
  3971 | D:5      | Reached skill level 7 in Axes
  3986 | D:5      | Found Carphewytz's General Store.
  4149 | D:5      | Found a sacrificial altar of Ru.
  4234 | D:6      | You are sucked into a shaft and drop 3 floors!
  4252 | D:9      | Noticed an orc warrior
  4261 | D:9      | Killed an orc warrior
  4262 | D:9      | Gained mutation: You are partially covered in razor-sharp
                  | scales. (AC +1, Slay +1) [demonic ancestry]
  4262 | D:9      | Reached XP level 7. HP: 52/52 MP: 7/7
  4298 | D:9      | Found a shimmering blue altar of Sif Muna.
  4447 | D:9      | Noticed a yak
  4448 | D:9      | Noticed a yak
  4448 | D:9      | Noticed a yak
  4448 | D:9      | Noticed a yak
  4454 | D:9      | Noticed a shadow
  4458 | D:8      | Noticed Joseph
  4477 | D:8      | Killed Joseph
  4478 | D:8      | Reached skill level 8 in Axes
  4515 | D:8      | Reached skill level 9 in Axes
  4515 | D:8      | Reached XP level 8. HP: 58/58 MP: 8/8
  4645 | D:8      | Reached skill level 10 in Axes
  4702 | D:8      | Noticed a two-headed ogre
  4710 | D:8      | Killed a two-headed ogre
  4711 | D:8      | Reached skill level 11 in Axes
  4711 | D:8      | Gained mutation: You have a pair of small antennae on your
                  | head. [demonic ancestry]
  4711 | D:8      | Reached XP level 9. HP: 38/63 MP: 9/9
  4743 | D:8      | Noticed Maggie
  4756 | D:8      | Killed Maggie
  5461 | D:7      | Found a shadowy altar of Dithmenos.
  5505 | D:7      | Reached skill level 12 in Axes
  5587 | D:7      | Found a burning altar of Makhleb.
  5604 | D:7      | Found a broken altar of Ashenzari.
  5744 | D:7      | Found an ornate altar of the Wu Jian Council.
  5865 | D:7      | Reached skill level 13 in Axes
  6061 | D:6      | Reached XP level 10. HP: 65/70 MP: 10/10
  6275 | D:6      | Found Feamp's Assorted Antiques.
  6279 | D:6      | Reached **** piety under Trog
  6286 | D:6      | Bought a scroll labelled GIT CIYNGUV for 25 gold pieces
  6732 | D:9      | Reached skill level 14 in Axes
  7032 | D:9      | Found a hide-covered altar of Uskayaw.
  7055 | D:9      | Found a runed translucent door.
  7059 | D:9      | Found a basalt altar of Yredelemnul.
  7153 | D:9      | Found an opulent altar of Gozag.
  7214 | D:9      | Reached skill level 15 in Axes
  7391 | D:10     | Entered Level 10 of the Dungeon
  7561 | D:10     | Found a staircase to the Orcish Mines.
  7574 | D:10     | Gained mutation: You may rarely emit foul miasma when
                  | damaged in melee. [demonic ancestry]
  7574 | D:10     | Reached XP level 11. HP: 75/75 MP: 11/11
  7744 | D:10     | Noticed Harold
  7785 | D:10     | Killed Harold
  7790 | D:10     | Reached skill level 16 in Axes
  8183 | D:11     | Noticed Amaemon
  8207 | D:11     | Killed Amaemon
  8222 | D:11     | Noticed a death yak
  8222 | D:11     | Noticed a death yak
  8224 | D:11     | Noticed a two-headed ogre
  8226 | D:11     | Noticed a death yak
  8246 | D:10     | Slain by a death yak

Illustrated notes

Levels and vault maps discovered:
D:1:      nicolae_arrival_washed_ashore, layout_basic, serial_shops, shop, shop,
          nicolae_shop_hallway_plus, shop, fountainhead, minivault_14
D:2:      cheibrodos_pilgrimage, layout_loops_ring, serial_shops, shop,
          shop_statue, shop, shop, shop
D:3:      layout_loops_ring, serial_shops, shop_statue, dreamdust_wishing_well,
          hangedman_abyss_or_decor_lesser_grid
D:4:      layout_cave_pools, mainiacjoe_overflow_small_starburst,
          overflow_temple_1_default, minmay_temple_entry_junction,
          ebering_ghost_inner_flame, roderic_three_in_a_row, minmay_circle_x
D:5:      layout_cave_pools, nicolae_ru_path_of_blood, serial_shops,
          kennysheep_little_box
D:6:      layout_loops_ring, mainiacjoe_overflow_concentric_impassable,
          serial_shops, nicolae_shop_stone
D:7:      layout_loops_cross, nicolae_overflow_crystal_walls,
          mainiacjoe_overflow_alcove_2, grunt_temple_overflow_open
D:8:      layout_loops_ring, minmay_hedge_maze, nicolae_titane, uniq_maggie,
          uniq_joseph
D:9:      layout_rooms, pdpol_temple_overflow_zin_treasury_gozag_greed,
          mainiacjoe_overflow_24_doors, dk_yredelemnul_ordeal, marbit_many_paths
D:10:     layout_rooms, david_orc_3, serial_curves, eino_curves_03,
          eino_curves_04, eino_curves_01, eino_curves_02, uniq_harold
D:11:     kennysheep_six_static_rooms, layout_gridville, dpeg_lair_monsters,
          ebering_ghost_xom, minmay_misc_feat_ornament, uniq_amaemon

Skill      XL: |  1  2  3  4  5  6  7  8  9 10 11 |
---------------+----------------------------------+-----
Axes           | 3 4 5 6 7 9 11 13 15 16 | 16.0
Armour         | 2 3 |  3.5
Fighting       | |  3.0
Dodging        | |  1.7

Action                   |  1- 3 |  4- 6 |  7- 9 | 10-12 || total
-------------------------+-------+-------+-------+-------++-------
Melee: Hand axe          |    76 |   116 |   148 |   245 ||   585
       Punch             |       |     1 |     4 |     3 ||     8
Invok: Berserk           |     2 |     3 |     5 |     6 ||    16
       Trog's Hand       |       |     3 |     3 |     5 ||    11
       Brothers in Arms  |       |       |       |     1 ||     1
  Use: Scroll            |     5 |     9 |     3 |     8 ||    25
       Potion            |       |     1 |       |     2 ||     3
Armor: Animal skin       |    11 |    22 |     4 |       ||    37
       Steam dragon scal |       |       |    20 |    39 ||    59
       Plate armour      |       |       |       |     7 ||     7
Dodge: Dodged            |    47 |    76 |    83 |   170 ||   376

Table legend: (Time is in decaauts)
 A = Elapsed time spent in this place.
 B = Non-inter-level travel time spent in this place.
 C = Inter-level travel time spent in this place.
 D = Time resting spent in this place.
 E = Time spent auto-exploring this place.
 F = Levels seen in this place.
 G = Mean time per level.
                   A        B        C        D        E       F      G
               +--------+--------+--------+--------+--------+-----+--------+
         Total |   8279 |   7921 |    358 |    837 |   5524 |  11 |  752.6 |
       Dungeon |   8279 |   7921 |    358 |    837 |   5524 |  11 |  752.6 |
               +--------+--------+--------+--------+--------+-----+--------+

Top non-repeatable levels by time:
     D:2: 1431 daAuts
     D:1: 1032 daAuts
     D:9: 991 daAuts
     D:8: 986 daAuts
     D:3: 705 daAuts
    D:10: 691 daAuts
     D:6: 657 daAuts
     D:4: 635 daAuts
     D:7: 603 daAuts
     D:5: 487 daAuts
    D:11: 58 daAuts
